 Dungeon Crawl Stone Soup version 0.19.0-18-g426998a (webtiles) character file.

226 Delusion the Sneak (level 6, 0/38 HPs)
             Began as an Octopode Transmuter on Nov 12, 2016.
             Killed from afar by ghwc's ghost (12 damage)
             ... with a stone arrow
             ... on level 5 of the Dungeon.
             The game lasted 00:14:03 (3450 turns).

Delusion the Sneak (Octopode Transmuter)            Turns: 3450, Time: 00:14:03

Health: 0/38       AC:  1    Str:  9    XL:     6   Next: 1%
Magic:  9/9        EV: 13    Int: 16    God:
Gold:   170        SH:  0    Dex: 14    Spells: 2 memorised, 5 levels left

rFire  . . .     SeeInvis +       - Unarmed
rCold  . . .     Gourm    .     (no shield)
rNeg   . . .     Faith    .     (helmet restricted)
rPois  .         Spirit   .     (no amulet)
rElec  .         Reflect  .     n - ring of see invisible
rCorr  .         Harm     .     m - ring of stealth
MR     .....                    (no ring)
Stlth  +++++.....               (no ring)
                                (no ring)
                                (no ring)
                                (no ring)
                                (no ring)

@: no status effects
A: almost no armour, stealthy swim, amphibious, 8 rings, constrict 8, camouflage
1, gelatinous body 1
a: no special abilities


You were on level 5 of the Dungeon.
You were not hungry.

You visited 1 branch of the dungeon, and saw 5 of its levels.

You collected 170 gold pieces.

Inventory:

Missiles
 a - 29 arrows
Jewellery
 m - a ring of stealth (right tentacle)
 n - a ring of see invisible (left tentacle)
Wands
 r - a wand of teleportation (5/9)
Scrolls
 e - 2 scrolls of noise {unknown}
 j - 4 scrolls of remove curse {unknown}
 k - a scroll of enchant armour {unknown}
 o - 3 scrolls of teleportation {unknown}
 p - 2 scrolls of random uselessness {unknown}
 q - a scroll of amnesia {unknown}
 v - 3 scrolls of recharging {unknown}
Potions
 i - a potion of agility {unknown}
 l - a potion of curing
 s - a potion of flight {unknown}
 u - a potion of magic
 w - a potion of mutation {unknown}
Books
 b - a book of Changes

   Spells                             Type                      Level
   a - Beastly Appendage              Transmutation                1
   b - Sticks to Snakes               Transmutation                2
   c - Spider Form                    Transmutation/Poison         3
   d - Ice Form                       Ice/Transmutation            4
   e - Blade Hands                    Transmutation                5
Comestibles
 c - 3 bread rations
 f - 2 meat rations
 g - a beef jerky
 h - a royal jelly
 t - 2 slices of pizza


   Skills:
 + Level 1.3 Fighting
 - Level 2.0 Dodging
 + Level 5.3 Stealth
 - Level 5.0 Unarmed Combat
 - Level 2.0 Spellcasting
 - Level 2.0 Transmutations


You had 5 spell levels left.
You knew the following spells:

 Your Spells              Type           Power        Failure   Level  Hunger
a - Beastly Appendage     Tmut           #.....       10%         1    #......
b - Spider Form           Tmut/Pois      #.........   38%         3    ###....


Dungeon Overview and Level Annotations

Branches:
Dungeon (5/15)
 Temple: D:4-7

Altars:

Annotations:
D:5 ghwc's ghost, amateur GrEE


Innate Abilities, Weirdness & Mutations

You cannot wear most types of armour.
You are very stealthy in the water. (Stealth+)
You are amphibious.
You can wear up to eight rings at the same time.
You can use your tentacles to constrict eight enemies at once.
Your skin changes colour to match your surroundings (Stealth+).
Your rubbery body absorbs attacks. (AC +1, EV +1)


Message History

Ghwc's ghost (amateur Gargoyle Earth Elementalist) comes into view.
Ghwc's ghost turns its malevolent gaze towards you.
An adder skeleton comes into view.
Ghwc's ghost casts a spell at you. The stone arrow misses you.
The adder skeleton moves out of view.
Ghwc's ghost closely misses you.
You tentacle-slap ghwc's ghost but do no damage.
Ghwc's ghost closely misses you.
You tentacle-slap ghwc's ghost but do no damage.
Ghwc's ghost closely misses you.
You tentacle-slap ghwc's ghost. You squeeze ghwc's ghost.
Ghwc's ghost is lightly damaged.
Ghwc's ghost points at you and mumbles some strange words.
The stone arrow hits you!
Ouch! That really hurt!
You tentacle-slap ghwc's ghost but do no damage.
Ghwc's ghost is lightly damaged.
Ghwc's ghost casts a spell at you. The stone arrow hits you!
You die...

#.#########
#.# #.# #.#
#.# #.# #.#
#.# #@# #W#
.Z# ####


You could see ghwc's ghost and an adder skeleton.

Vanquished Creatures
  A hound (D:4)
  Jessica (D:3)
  An iguana (D:4)
  A worker ant (D:4)
  3 gnolls (D:4)
  3 adders
  3 oozes
  An adder skeleton (D:5)
  A worm (D:3)
  A leopard gecko (D:4)
  2 orcs (D:3)
  5 giant cockroaches
  5 goblins
  5 hobgoblins
  A quokka (D:4)
  3 ball pythons
  8 bats
  3 frilled lizards
  2 kobolds
  5 rats
55 creatures vanquished.

Notes
Turn   | Place    | Note
-------+----------+-------------------------------------------
     0 | D:1      | Delusion the Octopode Transmuter began the quest for the Orb.
     0 | D:1      | Reached XP level 1. HP: 13/13 MP: 3/3
   231 | D:1      | You fall through a shaft!
   316 | D:1      | Reached XP level 2. HP: 16/18 MP: 3/5
  1050 | D:2      | Reached XP level 3. HP: 23/23 MP: 6/6
  1557 | D:3      | Noticed Jessica
  1585 | D:3      | Killed Jessica
  1585 | D:3      | Reached skill level 5 in Unarmed Combat
  1585 | D:3      | Reached XP level 4. HP: 12/28 MP: 5/7
  2348 | D:3      | Reached skill level 1 in Stealth
  2354 | D:3      | Learned a level 3 spell: Spider Form
  2530 | D:4      | Reached XP level 5. HP: 23/33 MP: 6/8
  3068 | D:4      | Reached skill level 5 in Stealth
  3414 | D:5      | Entered Level 5 of the Dungeon
  3437 | D:5      | Reached XP level 6. HP: 34/38 MP: 9/9
  3441 | D:5      | Noticed ghwc's ghost (amateur GrEE)
  3450 | D:5      | Killed from afar by ghwc's ghost

Skill      XL: |  1  2  3  4  5 |
---------------+----------------+-----
Unarmed Combat | 4 5 |  5.0
Stealth        | 3 5 |  5.3
Fighting       | |  1.3
Dodging        | |  2.0
Spellcasting   | |  2.0
Transmutations | |  2.0

Action                   |  1- 3 |  4- 6 || total
-------------------------+-------+-------++-------
Melee: Unarmed           |    60 |    78 ||   138
       Constrict         |    17 |    17 ||    34
       Tentacles         |     9 |    15 ||    24
       Kick              |    10 |     8 ||    18
       Punch             |     1 |     6 ||     7
 Cast: Beastly Appendage |    13 |     8 ||    21
  Use: Scroll            |       |     5 ||     5
       Potion            |       |     2 ||     2
 Stab: Sleeping          |     3 |     9 ||    12
  Eat: Chunk             |     1 |     7 ||     8
Armor: Skin              |    11 |     4 ||    15
Dodge: Dodged            |    52 |    46 ||    98
